 Dungeon Crawl Stone Soup version 0.28.0 (webtiles) character file.

Game seed: 8703287936554757994

144 AmazingTV the Sneak (level 5, -2/25 HPs)
             Began as a Spriggan Brigand on June 29, 2022.
             Slain by a river rat (10 damage)
             ... in a sewer.
             The game lasted 00:09:49 (2529 turns).

AmazingTV the Sneak (Spriggan Brigand)              Turns: 2529, Time: 00:09:49

Health: -2/25      AC:  1    Str:  7    XL:     5   Next: 5%
Magic:  6/6        EV: 16    Int: 12    God:
Gold:   132        SH:  0    Dex: 19    Spells: 4/4 levels left

rFire   + . .      SeeInvis +   a - +2 dagger
rCold   + . .      Faith    .   (no shield)
rNeg    + . .      Spirit   .   h - +0 robe
rPois   +          Reflect  .   s - -2 hat of the Alchemist {rElec rPois rF+ rC+ rN+ Will+ rMut rCorr}
rElec   +          Harm     .   c - +0 cloak
rCorr   +          Rampage  .   (gloves unavailable)
rMut    +                       (boots unavailable)
Will    +....                   (no amulet)
Stlth   ++++......              r - ring of wizardry
HPRegen 0.08/turn               (no ring)
MPRegen 0.10/turn

@: very quick
A: very small, no large weapons, unfitting armour, see invisible, speed 3
a: no special abilities


You were in a sewer.
You visited 1 branch of the dungeon, and saw 3 of its levels.
You also visited: Sewer.

You collected 132 gold pieces.

Inventory:

Hand Weapons
 a - a +2 dagger (weapon)
 b - a +0 hunting sling
 m - a +0 short sword
Missiles
 d - 8 poisoned darts (quivered)
 e - 2 curare-tipped darts
 i - 18 stones
 k - 22 sling bullets
Armour
 c - a +0 cloak (worn)
 h - a +0 robe (worn)
 s - the -2 hat of the Alchemist (worn) {rElec rPois rF+ rC+ rN+ Will+ rMut rCorr}
   (You found it on level 2 of the Dungeon)

   rF:        It protects you from fire.
   rC:        It protects you from cold.
   rElec:     It insulates you from electricity.
   rPois:     It protects you from poison.
   rN:        It protects you from negative energy.
   rCorr:     It protects you from acid and corrosion.
   rMut:      It protects you from mutation.
   Will:      It increases your willpower.
Jewellery
 r - a ring of wizardry (left hand)
Scrolls
 j - a scroll of holy word {unknown}
 o - a scroll of enchant armour {unknown}
 p - a scroll of blinking {unknown}
 t - a scroll of teleportation {unknown}
Potions
 f - 3 potions of lignification {unknown}
 g - 2 potions of degeneration {unknown}
 n - a potion of brilliance {unknown}
 q - a potion of attraction {unknown}


   Skills:
 - Level 1.5 Fighting
 + Level 3.4 Short Blades
 + Level 2.6(3.5) Slings
 + Level 3.0(3.3) Throwing
 - Level 1.3 Dodging
 + Level 7.1 Stealth


You had 4 spell levels left.
You didn't know any spells.
Your spell library contained the following spells:

 Spells                   Type           Power      Damage    Failure   Level
 Ignite Poison            Fire/Tmut/Pois 0%         N/A       36%         3
 Mephitic Cloud           Conj/Pois/Air  0%         N/A       36%         3
 Freezing Cloud           Conj/Ice/Air   0%         6-21      97%         5


Dungeon Overview and Level Annotations

Branches:
Dungeon (3/15)              Sewer (1/1)

Altars:
Vehumet


Innate Abilities, Weirdness & Mutations

You are very small and have problems with some larger weapons.
You are too small for most types of armour.
You have supernaturally acute eyesight. (SInv)
You cover ground extremely quickly. (Speed+++)


Message History

The river rat bites you.
You hit the river rat.
The river rat is moderately wounded.
The river rat completely misses you.
You hit the river rat but do no damage.
The river rat is moderately wounded.
The river rat closely misses you.
You hit the river rat.
The river rat is heavily wounded.
The river rat closely misses you.
You barely miss the river rat.
The river rat is heavily wounded.
You closely miss the river rat.
The river rat is heavily wounded.
The river rat closely misses you.
You closely miss the river rat.
The river rat is heavily wounded.
The river rat bites you!
* * * LOW HITPOINT WARNING * * *
Throw: throwing net
Press: ? - help, Q - select action, (/) - cycle Shift-Dir - straight line You throw a throwing net.
The throwing net closely misses the river rat.
You hear a splash.
The river rat closely misses you.
You hit the river rat.
The river rat is severely wounded.
The river rat barely misses you.
You hit the river rat but do no damage.
The river rat is severely wounded.
You hit the river rat but do no damage.
The river rat is severely wounded.
The river rat barely misses you.
You closely miss the river rat.
The river rat is severely wounded.
The river rat closely misses you.
You hit the river rat.
The river rat is almost dead.
The river rat bites you!
You die...

≈≈≈....
≈≈≈≈....#
≈≈≈≈....#
≈≈≈≈≈...##
≈≈≈≈.....##
≈≈≈≈.......#
≈≈≈≈.......#
≈≈≈≈....r..#
≈≈≈≈≈....@##
≈≈≈.≈.....#
≈≈≈......##
≈≈.......####
≈≈......###∩#
≈≈......###.#
≈≈.......#..#
≈≈.........##
≈≈≈.......##


You could see a river rat.

Vanquished Creatures
  4 gnolls (D:2)
  4 adders
  2 dart slugs (D:1)
  8 ball pythons
  4 bats (D:1)
  5 endoplasms
  2 giant cockroaches
  7 goblins
  3 hobgoblins
  7 jackals (D:2)
  4 kobolds
  4 quokkas
  A frilled lizard (D:1)
  7 rats
62 creatures vanquished.

Notes
Turn   | Place    | Note
-------+----------+-------------------------------------------
     0 | D:1      | AmazingTV the Spriggan Brigand began the quest for the Orb.
     0 | D:1      | Reached XP level 1. HP: 10/10 MP: 2/2
    53 | D:1      | Reached skill level 6 in Stealth
   145 | D:1      | Reached XP level 2. HP: 14/14 MP: 3/3
   195 | D:1      | Reached skill level 1 in Slings
   755 | D:1      | Found a faded altar of an unknown god.
   763 | D:1      | Reached XP level 3. HP: 18/18 MP: 4/4
  1227 | D:2      | Found a radiant altar of Vehumet.
  1457 | D:2      | Reached XP level 4. HP: 22/22 MP: 5/5
  1978 | D:2      | Found the -2 hat of the Alchemist {rElec rPois rF+ rC+ rN+
                  | Will+ rMut rCorr}
  2130 | D:2      | Reached skill level 7 in Stealth
  2341 | D:3      | Reached XP level 5. HP: 24/25 MP: 6/6
  2384 | D:3      | Noticed a phantom
  2488 | D:3      | Found a glowing drain.
  2492 | Sewer    | Entered a sewer
  2529 | Sewer    | Slain by a river rat

Illustrated notes

Levels and vault maps discovered:
D:1:      sevenhm_arrival_forest_fort_small_5, layout_basic,
          ebering_ecumenical_altar_ruins
D:2:      layout_loops_ring, basic_altar
D:3:      layout_basic, gup_sewer_entry_bowl
Sewer:    sewer_minmay_treatment

Skill      XL: |  1  2  3  4 |
---------------+-------------+-----
Stealth        | 6 7 |  7.1
Slings         | 1 2 |  2.6
Short Blades   | 3 |  3.4
Throwing       | 3 |  3.0
Fighting       | |  1.5
Dodging        | |  1.3

Action                   |  1- 3 |  4- 6 || total
-------------------------+-------+-------++-------
Melee: Dagger            |    82 |   107 ||   189
 Fire: Hunting sling     |    12 |    19 ||    31
Throw: Throwing net      |       |     1 ||     1
 Stab: Sleeping          |    15 |    11 ||    26
Armor: Robe              |     9 |    11 ||    20
Dodge: Dodged            |    53 |    76 ||   129
